 Dungeon Crawl Stone Soup version 0.19.5 (webtiles) character file.

2789 Jerry the Cleaver (level 9, -4/82 HPs)
             Began as a Hill Orc Fighter on Mar 23, 2017.
             Slain by a human
             ... wielding a +2 morningstar of draining
              (11 damage)
             ... on level 7 of the Dungeon.
             The game lasted 00:15:42 (8677 turns).

Jerry the Cleaver (Hill Orc Fighter)                Turns: 8677, Time: 00:15:42

Health: -4/82      AC:  6    Str: 22    XL:     9   Next: 71%
Magic:  9/9        EV:  9    Int:  8    God:
Gold:   313        SH:  0    Dex: 10    Spells: 0 memorised, 8 levels left

rFire  . . .     SeeInvis .     a - +0 war axe
rCold  + . .     Gourm    +     b - +0 scale mail
rNeg   . . .     Faith    .     (no shield)
rPois  .         Spirit   .     (no helmet)
rElec  .         Reflect  .     (no cloak)
rCorr  .         Harm     .     (no gloves)
MR     .....                    (no boots)
Stlth  ..........               l - amulet of the gourmand
                                (no ring)
                                h - ring of protection from cold

@: very heavily drained
A: no striking features
a: no special abilities


You were on level 7 of the Dungeon.
You were completely stuffed.

You visited 2 branches of the dungeon, and saw 8 of its levels.
You also visited: Sewer.

You collected 313 gold pieces.

Inventory:

Hand Weapons
 a - a +0 war axe (weapon)
 B - a +0 whip of freezing
Armour
 b - a +0 scale mail (worn)
 c - a +0 shield
Jewellery
 h - a ring of protection from cold (left hand)
 l - an amulet of the gourmand (around neck)
Wands
 o - a wand of random effects (15/48)
 u - a wand of confusion (17/48)
 A - a wand of lightning (14/15)
 H - a wand of paralysis (15/24)
Scrolls
 d - 2 scrolls of blinking
 e - a scroll of recharging
 g - 4 scrolls of immolation
 n - 3 scrolls of amnesia
 p - 2 scrolls of remove curse
 t - 5 scrolls of identify {unknown}
 v - a scroll of fear {unknown}
 w - 4 scrolls of teleportation {unknown}
 x - a scroll of fog {unknown}
 y - a scroll of magic mapping {unknown}
 G - a scroll of enchant armour {unknown}
Potions
 j - 4 potions of heal wounds {unknown}
 k - 3 potions of degeneration {unknown}
 m - 5 potions of curing
 r - 4 potions of agility {unknown}
 z - 4 potions of magic {unknown}
 C - a potion of flight {unknown}
 E - a potion of berserk rage {unknown}
 I - 2 potions of brilliance {unknown}
 K - a potion of lignification {unknown}
Books
 D - a book of Callings

   Spells                             Type                      Level
   a - Summon Small Mammal            Summoning                    1
   b - Call Imp                       Summoning                    2
   c - Call Canine Familiar           Summoning                    3
   d - Summon Guardian Golem          Hexes/Summoning              3
   e - Summon Lightning Spire         Summoning/Air                4
   f - Summon Ice Beast               Ice/Summoning                4
Comestibles
 f - 6 bread rations
 i - a slice of pizza
 q - 3 meat rations
 s - 4 fruits
 J - a beef jerky


   Skills:
 + Level 8.7(4.2) Fighting
 * Level 12.0(7.2) Axes
 + Level 7.7(3.3) Armour
 - Level 3.2(0.0) Shields


You had 8 spell levels left.
You didn't know any spells.

Dungeon Overview and Level Annotations

Branches:
Dungeon (7/15)             Temple (1/1) D:5

Altars:
Ashenzari
Cheibriados
Dithmenos
Elyvilon
Fedhas
Hepliaklqana
Kikubaaqudgha
Makhleb
Nemelex Xobeh
Qazlal
Ru
Sif Muna
Trog
Vehumet
Yredelemnul
Zin
The Shining One

Shops:
D:6 %   D:7 (


Message History

The human barely misses you.
You barely miss the human.
The human is severely wounded.
The human barely misses you.
All of the chunks of flesh in your inventory have rotted away.
You hit the human.
The human is heavily wounded.
The human hits you with a morningstar of draining.
* * * LOW HITPOINT WARNING * * *
You feel drained.
You hit the human.
The human is heavily wounded.
The human hits you with a morningstar of draining.
* * * LOW HITPOINT WARNING * * *
You feel drained.
* * * LOW HITPOINT WARNING * * *
You closely miss the human.
The human is heavily wounded.
The human hits you with a morningstar of draining!
You die...

......###...# ...
#...........######.... #
####......................
............................
.. ...#.#..##.............. #
.#.##.#....##..........)...
.............................
#.#.##.8...................
#....#..####..#@#......###
#....#..^...#.#p#......####
##....##∩###)#.#.###.#.....#
.......<.....#...# #.#.....#
..#........###...# #.#.....#
##...)8..# #.....#.#........
#.......###................
#.......).#.......#........
####...÷(...)#.[..........###.


You could see a human.

Vanquished Creatures
  Pikel (D:6)
  The ghost of Goboxel the Carver, a novice HEGl of Hepliaklqana (D:5)
  Sigmund (D:2)
  A human (D:7)
  Menkaure (D:6)
  A water moccasin (D:7)
  An orc warrior (D:3)
  A sky beast (D:5)
  A slave (D:5)
  2 centaurs
  3 bullfrogs (D:6)
  2 big kobolds (D:6)
  A scorpion (D:6)
  A howler monkey (D:7)
  2 crimson imps
  A bullfrog zombie (D:7)
  2 hounds (D:4)
  An orc priest (D:3)
  3 bullfrog skeletons
  Jessica (D:2)
  Natasha (thrice) (D:2)
  2 iguanas (D:6)
  An orc wizard (D:3)
  A worker ant (D:5)
  A worker ant zombie (D:6)
  8 gnolls (D:3)
  11 adders
  2 river rats (Sewer)
  2 oozes
  3 worms
  6 dart slugs
  5 leopard geckos
  15 orcs
  4 ball pythons
  2 bats
  6 giant cockroaches
  8 goblins
  12 hobgoblins
  11 jackals
  14 kobolds
  2 quokkas
  12 frilled lizards
  A leopard gecko zombie (D:5)
  9 rats
169 creatures vanquished.

Vanquished Creatures (others)
  A slave (D:6)
  A scorpion (D:6)
  An orc wizard (D:6)
  A hound (D:6)
  A worker ant (D:6)
  An adder (D:6)
  3 orcs (D:6)
  A leopard gecko zombie (D:6)
  A quokka zombie (D:6)
11 creatures vanquished.

Grand Total: 180 creatures vanquished

Notes
Turn   | Place    | Note
-------+----------+-------------------------------------------
     0 | D:1      | Jerry the Hill Orc Fighter began the quest for the Orb.
     0 | D:1      | Reached XP level 1. HP: 19/19 MP: 1/1
    34 | D:1      | Reached skill level 3 in Axes
    37 | D:1      | Reached XP level 2. HP: 24/27 MP: 2/2
   362 | D:1      | Reached XP level 3. HP: 33/33 MP: 3/3
  1221 | D:2      | Reached skill level 4 in Axes
  1221 | D:2      | Reached XP level 4. HP: 41/41 MP: 4/4
  1422 | D:2      | Noticed Jessica
  1424 | D:2      | Killed Jessica
  1425 | D:2      | Noticed Natasha
  1434 | D:2      | Killed Natasha
  1434 | D:2      | Reached XP level 5. HP: 35/47 MP: 5/5
  1593 | D:2      | Noticed Sigmund
  1599 | D:2      | Killed Sigmund
  1599 | D:2      | Reached skill level 5 in Fighting
  1599 | D:2      | Reached skill level 6 in Axes
  1599 | D:2      | Reached XP level 6. HP: 56/56 MP: 6/6
  1713 | D:2      | Noticed Natasha
  1734 | D:2      | Killed Natasha
  1846 | D:2      | Noticed Natasha
  1858 | D:2      | Killed Natasha
  2419 | D:3      | Found a glowing silver altar of Zin.
  2483 | D:3      | Reached skill level 7 in Axes
  2630 | D:3      | Reached XP level 7. HP: 53/61 MP: 7/7
  2637 | D:3      | Reached skill level 5 in Armour
  3656 | D:4      | Found a snail-covered altar of Cheibriados.
  3725 | D:4      | Reached skill level 8 in Axes
  3727 | D:4      | Found a hazy altar of Hepliaklqana.
  3729 | D:4      | Found a blossoming altar of Fedhas.
  3731 | D:4      | Found a glowing golden altar of the Shining One.
  3776 | D:4      | Found a stormy altar of Qazlal.
  3776 | D:4      | Found a faded altar of an unknown god.
  3781 | D:4      | Found a faded altar of an unknown god.
  3783 | D:4      | Found a faded altar of an unknown god.
  3784 | D:4      | Found a faded altar of an unknown god.
  4344 | D:5      | Entered Level 5 of the Dungeon
  4412 | D:5      | Found a staircase to the Ecumenical Temple.
  4419 | Temple   | Entered the Ecumenical Temple
  4675 | D:5      | Found a sacrificial altar of Ru.
  4740 | D:5      | Reached XP level 8. HP: 71/71 MP: 8/8
  4741 | D:5      | Found a glowing drain.
  4750 | Sewer    | Entered a sewer
  5228 | D:5      | Noticed Goboxel's ghost (novice HEGl)
  5239 | D:5      | Killed Goboxel's ghost
  5239 | D:5      | Reached skill level 9 in Axes
  5516 | D:5      | Found an ancient bone altar of Kikubaaqudgha.
  5851 | D:6      | Found a glowing golden altar of the Shining One.
  6063 | D:6      | Noticed Pikel
  6187 | D:6      | Reached skill level 10 in Axes
  6565 | D:6      | Killed Pikel
  6565 | D:6      | Reached skill level 11 in Axes
  6565 | D:6      | Reached XP level 9. HP: 27/81 MP: 9/9
  6925 | D:6      | Noticed Menkaure
  6928 | D:6      | Killed Menkaure
  7286 | D:6      | Found Sise Ofenuq's Food Shop.
  7548 | D:6      | HP: 4/82 [poisoned by a big kobold]
  7554 | D:6      | HP: 3/82 [poisoned by a big kobold]
  7562 | D:6      | HP: 2/82 [poisoned by a big kobold]
  7570 | D:6      | HP: 2/82 [poisoned by a big kobold]
  8055 | D:7      | HP: 4/82 [water moccasin (3)]
  8402 | D:7      | Found Lekiq's Antique Weapon Shop.
  8514 | D:7      | Reached skill level 12 in Axes
  8641 | D:7      | HP: 4/82 [human/morningstar of draining (5)]
  8677 | D:7      | Slain by a human

Skill      XL: |  1  2  3  4  5  6  7  8  9 |
---------------+----------------------------+-----
Axes           | 3 4 6 7 8 11 12 | 12.0
Fighting       | 4 5 6 7 8 |  8.7
Armour         | 4 5 7 |  7.7
Shields        | |  3.2

Action                   |  1- 3 |  4- 6 |  7- 9 || total
-------------------------+-------+-------+-------++-------
Melee: War axe           |    94 |   132 |   445 ||   671
  Use: Potion            |       |     1 |     4 ||     5
       Scroll            |       |       |     6 ||     6
  Eat: Chunk             |    13 |     5 |    21 ||    39
Armor: Scale mail        |    50 |    59 |   155 ||   264
Dodge: Dodged            |    51 |    68 |   183 ||   302
